 Dungeon Crawl Stone Soup version 0.30-a0-900-g23479c02f2 (webtiles) character file.

Game seed: 15371586404917503537

4 gelatine the Chopper (level 1, 0/16 HPs)
             Began as a Demonspawn Gladiator on Mar 18, 2023.
             Succumbed to a kobold's poison
             ... on level 1 of the Dungeon.
             The game lasted 00:00:17 (75 turns).

gelatine the Chopper (Demonspawn Gladiator)           Turns: 75, Time: 00:00:18

Health: 0/16       AC:  4    Str: 14    XL:     1   Next: 50%
Magic:  1/1        EV: 12    Int:  9    God:
Gold:   21         SH:  0    Dex: 14    Spells: 0/0 levels left

rFire   . . .      SeeInvis .    a - +0 war axe
rCold   . . .      Faith    .    (no shield)
rNeg    . . .      Spirit   .    b - +0 leather armour
rPois   .          Reflect  .    c - +0 helmet
rElec   .          Rampage  .    (no cloak)
rCorr   .                        (no gloves)
Will    .....                    (no boots)
Stlth   +                        (no amulet)
HPRegen 0.22/turn                (no ring)
MPRegen 0.07/turn                (no ring)

@: lethally poisoned (0 -> -4)
A: no striking features
a: no special abilities


You were on level 1 of the Dungeon.
You visited 1 branch of the dungeon, and saw 1 of its levels.

You collected 21 gold pieces.

Inventory:

Hand Weapons
 a - a +0 war axe (weapon)
Missiles
 d - 3 throwing nets (quivered)
 e - a javelin
Armour
 b - a +0 leather armour (worn)
 c - a +0 helmet (worn)
Scrolls
 f - a scroll of teleportation {unknown}


   Skills:
 + Level 2.0 Fighting
 + Level 2.8 Axes
 + Level 1.7 Throwing
 + Level 2.7 Dodging


You couldn't memorise any spells.
You didn't know any spells.
Your spell library was empty.

Dungeon Overview and Level Annotations

Branches:
Dungeon (1/15)

Altars:


Message History

The bat hits you but does no damage. The bat barely misses you.
You slash the bat!
You kill the bat!
You see here a bat corpse.
HP restored.
A kobold comes into view. It is wielding a +0 club.
The kobold shouts!
A rat comes into view.
A goblin comes into view. It is wielding a +0 dagger.
A goblin comes into view. It is wielding a +0 dagger.
The goblin shouts!
You hit the kobold.
The kobold is moderately wounded.
A kobold comes into view.
It is wielding a +0 short sword of venom.
The kobold hits you with a +0 club.
You closely miss the kobold.
The kobold is moderately wounded.
The kobold shouts!
The kobold hits you with a +0 club.
You closely miss the kobold.
The kobold is moderately wounded.
The kobold hits you with a +0 club.
You miss the kobold. You barely miss the kobold.
The kobold hits you but does no damage. The kobold hits you with a +0 club.
You miss the kobold. You closely miss the goblin. You miss the kobold.
The kobold barely misses you. The goblin closely misses you.
The kobold hits you with a +0 club. The kobold hits you but does no damage.
You are poisoned.
The goblin closely misses you. The kobold misses you.
You barely miss the kobold. You hit the kobold.
You kill the kobold!
You slash the goblin!
You kill the goblin!
You feel very sick.
The kobold hits you with a +0 short sword of venom.
* * * LOW HITPOINT WARNING * * *
You aren't carrying any potions.
You closely miss the kobold. You hit the rat.
You kill the rat!
You die...

........###### .#
#.#.#######.....#
.... .....
##.###.# #.#.#
#.#.## ##...##.##
..........
#.........
#.#.#.#.##
##...##.##
........#
##.###.#
#.#.#.#)#.##
####.# #.#
.....gK@...#
#....# #.#
#.#.#.#)#.##
#.#### #.#
.......†.###.#
#.#
#.#.#.#.##...#
#.# #
###......### #.#
########


You could see a goblin and a kobold.

Vanquished Creatures
  A goblin (D:1)
  A quokka (D:1)
  A bat (D:1)
  A kobold (D:1)
  A rat (D:1)
5 creatures vanquished.

Notes
Turn   | Place    | Note
-------+----------+-------------------------------------------
     0 | D:1      | gelatine the Demonspawn Gladiator began the quest for the
                  | Orb.
     0 | D:1      | Reached XP level 1. HP: 16/16 MP: 1/1
    75 | D:1      | Succumbed to a kobold's poison

Illustrated notes

Levels and vault maps discovered:
D:1:      mushboom_english_gardens, layout_loops_ring, st_stairs_11,
          minmay_tetromino_i2

Action                     || total
---------------------------++-------
  Melee: War axe           ||    14
 Armour: Leather armour    ||     7
  Dodge: Dodged            ||    12

Table legend: (Time is in decaauts)
 A = Elapsed time spent in this place.
 B = Non-inter-level travel time spent in this place.
 C = Inter-level travel time spent in this place.
 D = Time resting spent in this place.
 E = Time spent auto-exploring this place.
 F = Levels seen in this place.
 G = Mean time per level.
                   A        B        C        D        E       F      G
               +--------+--------+--------+--------+--------+-----+--------+
         Total |     79 |     79 |      0 |      0 |     53 |   1 |   79.0 |
       Dungeon |     79 |     79 |      0 |      0 |     53 |   1 |   79.0 |
               +--------+--------+--------+--------+--------+-----+--------+

Top non-repeatable levels by time:
     D:1: 79 daAuts
